Map: Coda EC

Players

fenor - Winner!

  • Race: Zerg Zerg
  • League: Grandmaster

AgCl

  • Race: Protoss Protoss
  • League: Grandmaster

VOD

Have the link to the VOD?

Description

Time

  • Played on: July 2, 2015, 6:01 p.m.
  • Length: 11:28
Show
View Real Time Build Order
Export as new Build Order

fenor Zerg - Winner!

Build Orders: Hatch First, Lurkers 

Get SALT Encoding   

  12  0:01  Drone  
  13  0:13  Overlord  
  13  0:18  Drone  
  14  0:24  Extractor  
  14  0:25  Drone  
  15  0:33  Drone  
  16  0:37  Drone  
  17  0:48  Drone  
  18  1:01  Hatchery  
  17  1:04  Drone  
  17  1:09  Drone  
  19  1:19  Spawning Pool  
  19  1:25  Drone  
  19  1:31  Overlord  
  19  1:40  Extractor  
  19  1:42  Drone  
  19  1:57  Drone  
  20  2:02  Drone  
  21  2:13  Drone, Queen  
  21  2:14  Queen  
  21  2:15  Overlord  
  26  2:23  Drone  
  26  2:26  Zergling x2  
  28  2:36  Zergling x2  
  29  2:43  Zergling x2  
  30  2:47  Zergling x4  
  30  2:48  Metabolic Boost  
  32  2:59  Drone x2  
  34  3:07  Queen  
  34  3:08  Drone  
  34  3:09  Drone  
  38  3:18  Drone x2  
  40  3:29  Drone  
  40  3:30  Drone  
  40  3:31  Drone x2  
  44  3:34  Hatchery  
  43  3:45  Drone  
  43  3:47  Overlord  
  43  3:48  Overlord  
  44  3:52  Extractor  
  44  3:54  Extractor  
  42  3:56  Lair  
  42  3:58  Drone x2  
  42  3:59  Extractor  
  42  4:02  Drone  
  44  4:12  Overlord  
  44  4:14  Drone x3  
  47  4:20  Evolution Chamber  
  47  4:21  Drone x4  
  50  4:40  Spore Crawler  
  49  4:48  Drone x2  
  49  4:49  Drone  
  49  4:51  Spore Crawler  
  49  4:52  Zerg Missile Weapons Level 1  
  51  4:54  Drone x4, Queen  
  55  5:03  Drone  
  55  5:05  Drone x2  
  57  5:18  Hydralisk Den  
  56  5:24  Drone x2  
  56  5:25  Drone x3  
  60  5:30  Queen  
  59  5:45  Spore Crawler  
  59  5:49  Spore Crawler  
  57  5:50  Muscular Augments  
  57  5:56  Queen  
  59  5:59  Hydralisk  
  59  6:00  Hydralisk x6  
  73  6:05  Drone  
  74  6:15  Hydralisk  
  74  6:16  Overlord  
  74  6:22  Evolution Chamber  
  71  6:38  Drone x3  
  74  6:47  Extractor  
  74  6:51  Extractor, Zerg Missile Weapons Level 2, Queen  
  74  6:54  Evolution Chamber  
  73  7:02  Overlord x2  
  73  7:03  Overlord  
  73  7:05  Overseer  
  73  7:06  Drone  
  74  7:11  Zerg Ground Armor Level 1  
  74  7:14  Overlord  
  74  7:16  Infestation Pit  
  74  7:17  Overlord x2  
  73  7:24  Drone x4  
  73  7:25  Drone x7  
  73  7:28  Drone  
  85  7:31  Lurker Den  
  85  7:39  Hydralisk  
  85  7:40  Hydralisk x5  
  85  7:41  Hydralisk  
  99  8:10  Hydralisk  
  96  8:23  Hydralisk  
  96  8:27  Hydralisk x9  
  114  8:36  Overlord  
  114  8:43  Overlord  
  114  8:45  Roach Warren  
  113  8:58  Overlord x2  
  113  9:02  Overlord  
  113  9:04  Overlord  
  113  9:06  Overseer  
  113  9:12  Spine Crawler  
  113  9:13  Drone x3, Spine Crawler  
  113  9:14  Drone x2, Spine Crawler  
  115  9:19  Spine Crawler  
  94  9:34  Hydralisk x10  
  94  9:35  Hydralisk x5  
  94  9:36  Hydralisk  
  114  9:44  Hydralisk  
  114  9:45  Hydralisk x2  
  114  9:52  Glial Reconstitution  
  114  10:04  Roach x2  
  114  10:06  Lurker x3  
  122  10:07  Lurker  
  120  10:18  Hydralisk  
  120  10:19  Hydralisk x5  
  114  10:37  Hydralisk x6  
  126  10:59  Hatchery  
Show
View Real Time Build Order
Export as new Build Order

AgCl Protoss 

Build Orders: Oracle Opening, Carrier Rush 

Get SALT Encoding   

  12  0:15  Probe  
  13  0:21  Pylon  
  13  0:27  Probe  
  14  0:41  Probe (Chrono Boost)  
  15  0:43  Gateway  
  15  0:53  Probe (Chrono Boost)  
  16  1:00  Probe (Chrono Boost)  
  17  1:10  Probe  
  18  1:11  Assimilator  
  18  1:16  Pylon  
  18  1:22  Probe  
  19  1:30  Zealot (Chrono Boost)  
  21  1:34  Probe  
  22  1:45  Cybernetics Core  
  22  1:46  Probe (Chrono Boost)  
  23  1:59  Probe (Chrono Boost)  
  24  2:02  Assimilator  
  24  2:06  Probe (Chrono Boost)  
  25  2:16  Probe  
  26  2:28  Probe  
  27  2:34  Stargate  
  27  2:39  Nexus  
  27  2:40  Probe (Chrono Boost)  
  28  2:53  Probe (Chrono Boost)  
  28  3:00  Probe (Chrono Boost)  
  27  3:11  Mothership Core (Chrono Boost)  
  29  3:13  Gateway  
  29  3:24  Probe  
  29  3:31  Pylon  
  29  3:37  Pylon  
  29  3:40  Warp Gate  
  29  3:47  Pylon  
  29  3:49  Oracle  
  29  3:51  Probe (Chrono Boost)  
  34  3:57  Probe (Chrono Boost)  
  34  4:01  Probe (Chrono Boost)  
  35  4:05  Probe (Chrono Boost)  
  35  4:08  Probe, Assimilator  
  37  4:14  Assimilator  
  37  4:15  Probe (Chrono Boost)  
  39  4:26  Fleet Beacon, Probe (Chrono Boost)  
  39  4:27  Probe (Chrono Boost)  
  40  4:34  Probe (Chrono Boost)  
  40  4:35  Pylon  
  42  4:38  Probe (Chrono Boost)  
  42  4:41  Probe (Chrono Boost)  
  42  4:45  Probe (Chrono Boost)  
  44  4:49  Carrier (Chrono Boost)  
  44  4:50  Probe  
  45  4:57  Probe (Chrono Boost)  
  46  5:02  Probe (Chrono Boost)  
  47  5:09  Probe (Chrono Boost)  
  47  5:13  Probe (Chrono Boost)  
  55  5:17  Probe (Chrono Boost)  
  55  5:19  Pylon  
  55  5:20  Probe (Chrono Boost)  
  57  5:26  Probe  
  57  5:27  Protoss Air Weapons Level 1  
  50  5:31  Probe  
  50  5:38  Probe  
  51  5:44  Probe  
  51  5:49  Graviton Catapult  
  52  5:53  Probe  
  52  5:57  Stargate, Carrier (Chrono Boost)  
  53  5:59  Adept x2  
  53  6:02  Probe (Chrono Boost)  
  62  6:17  Probe x2 (Chrono Boost)  
  63  6:19  Adept  
  63  6:20  Adept  
  63  6:23  Probe x2 (Chrono Boost)  
  63  6:33  Carrier (Chrono Boost)  
  63  6:42  Gateway  
  63  6:46  Gateway  
  69  6:51  Probe  
  71  7:01  Carrier (Chrono Boost)  
  71  7:07  Nexus  
  70  7:10  Pylon  
  76  7:26  Carrier (Chrono Boost)  
  82  7:41  Protoss Air Weapons Level 2 (Chrono Boost)  
  82  7:46  Adept  
  84  7:55  Pylon  
  84  8:15  Adept x2  
  84  8:16  Carrier (Chrono Boost)  
  86  8:22  Carrier (Chrono Boost)  
  76  8:32  Probe (Chrono Boost)  
  91  8:43  Mothership Core (Chrono Boost)  
  91  8:46  Probe (Chrono Boost)  
  91  8:47  Probe (Chrono Boost)  
  94  8:58  Probe x3 (Chrono Boost)  
  94  9:00  Twilight Council  
  96  9:07  Assimilator  
  96  9:08  Probe  
  97  9:10  Assimilator  
  97  9:15  Forge  
  97  9:19  Probe  
  97  9:23  Carrier x2 (Chrono Boost)  
  86  9:32  Adept x3  
  80  9:40  Pylon  
  86  9:50  Probe  
  87  9:55  Probe  
  87  9:57  Adept  
  91  10:00  Probe  
  91  10:03  Adept x3  
  98  10:07  Probe  
  98  10:12  Gateway  
  98  10:13  Gateway  
  94  10:24  Adept  
  94  10:25  Adept x2  
  90  10:39  Adept  
  92  10:46  Robotics Facility  
  92  10:47  Probe  
  92  10:49  Pylon  
  93  10:56  Pylon  
  93  10:57  Probe  
  93  10:58  Photon Cannon  
  93  11:02  Probe  
  93  11:03  Phoenix (Chrono Boost)  
  91  11:04  Pylon  
  91  11:24  Nexus  
Tags
 
Add a new tag
Caveats
  • Supply blocks, unpowered buildings, or Contaminate may cause inaccurate times.
  • Supply counts are checked every 10 seconds.